 Dungeon Crawl Stone Soup version 0.28.0-43-g3370ac3207 (webtiles) character file.

Game seed: 13477403614282521583

9679 Peloso the Carver (level 11, -6/145 HPs)
             Began as a Minotaur Fighter on Mar 14, 2022.
             Was an Elder of Okawaru.
             Mangled by a gargoyle
             ... wielding a +0 dire flail
              (11 damage)
             ... on level 9 of the Dungeon on Mar 15, 2022.
             The game lasted 00:20:55 (11889 turns).

Peloso the Carver (Minotaur Fighter)               Turns: 11889, Time: 00:20:56

Health: -6/145     AC: 17    Str: 22    XL:     11   Next: 26%
Magic:  10/11      EV:  8    Int:  5    God:    Okawaru [****..]
Gold:   679        SH: 19    Dex: 13    Spells: 10/10 levels left

rFire   . . .      SeeInvis .   a - +1 falchion (drain)
rCold   . . .      Faith    .   c - +0 tower shield
rNeg    . . .      Spirit   .   B - +0 plate armour
rPois   .          Reflect  .   (helmet restricted)
rElec   .          Harm     .   (no cloak)
rCorr   .          Rampage  .   (no gloves)
Will    .....                   (no boots)
Stlth   ..........              (no amulet)
HPRegen 0.34/turn               (no ring)
MPRegen 0.12/turn               (no ring)

@: berserking, heroic, studying Axes, very quick
A: horns 2, retaliatory headbutt
a: Renounce Religion, Heroism, Finesse


You were on level 9 of the Dungeon.
You worshipped Okawaru.
Okawaru was greatly pleased with you.
You visited 2 branches of the dungeon, and saw 11 of its levels.
You also visited: Ossuary.

You collected 679 gold pieces.

Inventory:

Hand Weapons
 a - a +1 falchion of draining (weapon)
 b - a +1 hand axe of flaming
Missiles
 A - 2 throwing nets (quivered)
Armour
 c - a +0 tower shield (worn)
 f - a +0 chain mail
 B - a +0 plate armour (worn)
Jewellery
 n - a ring of fire
 C - a +4 ring of evasion
Wands
 o - a wand of iceblast (9)
Scrolls
 r - a scroll of teleportation
 u - 3 scrolls of noise
 v - a scroll of acquirement
 w - a scroll of magic mapping
 x - a scroll of enchant armour
 y - a scroll of fog {unknown}
 z - a scroll of fear {unknown}
 D - a scroll of silence {unknown}
Potions
 d - a potion of might
 e - 2 potions of mutation
 h - a potion of curing
 i - 2 potions of lignification {unknown}
 j - 3 potions of haste {unknown}
 l - a potion of resistance {unknown}
 m - a potion of brilliance {unknown}
 p - 2 potions of invisibility {unknown}
 q - a potion of attraction {unknown}
 s - 2 potions of ambrosia {unknown}
 t - a potion of degeneration {unknown}


   Skills:
 + Level 9.6(14.6) Fighting
 + Level 11.9(16.9) Long Blades
 + Level 2.2(7.2) Axes
 + Level 10.6(15.6) Armour
 + Level 3.7(8.7) Dodging
 + Level 1.8(6.8) Stealth
 + Level 10.7(15.7) Shields
 + Level 1.7 Invocations


You had 10 spell levels left.
You didn't know any spells.
Your spell library contained the following spells:

 Spells                   Type           Power      Damage    Failure   Level
 Conjure Flame            Conj/Fire      0%         6-21      100%        3
 Ignite Poison            Fire/Tmut/Pois 0%         N/A       100%        3
 Sticky Flame             Conj/Fire      0%         2d3       100%        4


Dungeon Overview and Level Annotations

Branches:
Dungeon (10/15)            Temple (1/1) D:5             Orc (0/2) D:9
Ossuary (visited)
   Lair: D:8-11

Altars:
Ashenzari
Cheibriados
Dithmenos
Elyvilon
Fedhas
Gozag
Kikubaaqudgha
Nemelex Xobeh
Okawaru
Sif Muna
Trog
Uskayaw
Vehumet
Wu Jian
Zin
The Shining One


Innate Abilities, Weirdness & Mutations

You have a pair of horns on your head.
You reflexively headbutt those who attack you in melee.


Message History

The gargoyle hurls a stone arrow at you.
The stone arrow hits you!
* * * LOW HITPOINT WARNING * * *
The yak gores you.
* * * LOW HITPOINT WARNING * * *
You block the yak's attack.
You slash the gargoyle! Your headbutt misses the gargoyle.
The gargoyle is moderately damaged.
You block the gargoyle's attack. You block the yak's attack.
Unknown command.
You barely miss the gargoyle.
The gargoyle is moderately damaged.
You block the yak's attack.
The gargoyle hurls a stone arrow at you.
The stone arrow hits you!
* * * LOW HITPOINT WARNING * * *
The yak gores you.
* * * LOW HITPOINT WARNING * * *
You hit the gargoyle but do no damage.
The gargoyle is moderately damaged.
The yak completely misses you. You furiously retaliate!
You headbutt the yak! You block the gargoyle's attack.
Unknown command.
A red film seems to cover your vision as you go berserk!
You feel yourself moving faster!
You feel mighty! The yak gores you.
* * * LOW HITPOINT WARNING * * *
You block the yak's attack.
The gargoyle hits you with a +0 dire flail!
* * * LOW HITPOINT WARNING * * *
Unknown command.
You are too berserk!
Unknown command.
You slash the gargoyle!
The gargoyle is severely damaged.
The yak gores you but does no damage. x2
Unknown command.
You hit the gargoyle but do no damage.
The gargoyle is severely damaged.
The gargoyle hits you with a +0 dire flail!
You die...

#.#.....'..'.._..'..'............
#.#.....#..#.....#..#.#..>.......
..#.....#..#'###'#..#.#.........#
........#..#.....#..#.#########..
..#.....'##)##'##'##'...#### ##[
..#.....#.....#.....#.#....#####)
.##.....#.....#.....#.####.......
.##.#..####'##'##Y###.# #####...
.##.#.## #....9@Y.##.# ##....
.##.#.# ########....# ##..###
.##.#.## ####..######...#
.#.....## #.........#....#
........## #.........#...##
.........# #............##
.(.......# #......)...###
.........# #..........#
.........# #..........#


You could see 2 yaks and a gargoyle.

Vanquished Creatures
  A hydra (D:8)
  2 two-headed ogres (D:9)
  A troll (D:9)
  2 dream sheep (D:8)
  A vampire (D:9)
  A wraith (D:9)
  7 yaks
  4 humans (D:7)
  2 wyverns
  An acid dragon (D:9)
  4 water moccasins
  3 necrophages
  5 orc warriors (D:9)
  2 black bears
  An ice beast (D:8)
  3 sky beasts
  4 ogres
  3 centaurs
  5 kobold brigands
  3 gnoll sergeants (D:9)
  3 bullfrogs
  An elf zombie (Ossuary)
  2 scorpions
  A water moccasin zombie (D:6)
  12 killer bees
  3 wights (D:6)
  6 howler monkeys
  A jelly (D:4)
  4 hounds (D:5)
  4 centaur zombies
  2 orc priests
  A gnoll shaman (D:8)
  A human zombie (Ossuary)
  A bullfrog skeleton (D:5)
  3 iguanas
  Jessica (D:2)
  Natasha (twice) (D:4)
  9 orc wizards
  Terence (D:3)
  2 mummies (Ossuary)
  9 gnolls
  4 adders
  A shadow imp (D:6)
  A white imp (D:6)
  3 ufetubi
  3 adder skeletons (D:4)
  A worm (D:4)
  2 dart slugs
  37 orcs
  3 endoplasms
  7 giant cockroaches
  A gnoll zombie (Ossuary)
  8 goblins
  11 hobgoblins
  8 quokkas
  12 ball pythons
  4 bats
  2 frilled lizards
  3 goblin zombies (Ossuary)
  5 hobgoblin zombies (Ossuary)
  10 kobolds
  2 orc zombies (Ossuary)
  9 rats
261 creatures vanquished.

Vanquished Creatures (others)
  4 demonic plants (D:3)
  A fungus (D:3)
  15 plants
  6 withered plants (D:3)
26 creatures vanquished.

Grand Total: 287 creatures vanquished

Notes
Turn   | Place    | Note
-------+----------+-------------------------------------------
     0 | D:1      | Peloso the Minotaur Fighter began the quest for the Orb.
     0 | D:1      | Reached XP level 1. HP: 19/19 MP: 0/0
   234 | D:1      | Reached XP level 2. HP: 23/27 MP: 1/1
   570 | D:1      | Reached XP level 3. HP: 33/33 MP: 2/2
   587 | D:1      | Reached skill level 3 in Long Blades
   920 | D:2      | Reached XP level 4. HP: 40/40 MP: 3/3
  1000 | D:2      | Noticed Jessica
  1002 | D:2      | Killed Jessica
  1003 | D:2      | Reached skill level 1 in Stealth
  1164 | D:3      | Noticed a black bear
  1300 | D:3      | Found a large runed translucent door.
  1301 | D:3      | Found a large runed translucent door.
  1319 | D:3      | Reached skill level 4 in Long Blades
  1319 | D:3      | Reached XP level 5. HP: 35/47 MP: 4/4
  1462 | D:3      | Found a faded altar of an unknown god.
  1598 | D:3      | Found a hide-covered altar of Uskayaw.
  1691 | D:3      | Killed a black bear
  1692 | D:3      | Reached skill level 5 in Long Blades
  1855 | D:3      | Noticed Terence
  1880 | D:3      | Killed Terence
  1881 | D:3      | Reached skill level 5 in Armour
  1881 | D:3      | Reached XP level 6. HP: 43/53 MP: 5/5
  2419 | D:4      | Reached skill level 1 in Dodging
  3268 | D:4      | Reached skill level 5 in Fighting
  3273 | D:4      | Reached skill level 6 in Long Blades
  3273 | D:4      | Reached XP level 7. HP: 57/61 MP: 6/6
  3331 | D:4      | Noticed Natasha
  3353 | D:4      | Killed Natasha
  3671 | D:4      | Noticed Natasha
  3676 | D:4      | Killed Natasha
  3798 | D:5      | Entered Level 5 of the Dungeon
  3974 | D:5      | Found a sand-covered staircase.
  3985 | Ossuary  | Entered an ossuary
  4159 | Ossuary  | Reached skill level 7 in Long Blades
  4428 | D:5      | Reached skill level 5 in Shields
  4594 | D:5      | Reached XP level 8. HP: 59/70 MP: 7/7
  4648 | D:5      | Identified the +3 morningstar of Vanity {spect, *Slow Int+2
                  | Dex+2}
  4691 | D:5      | Found a staircase to the Ecumenical Temple.
  4710 | Temple   | Entered the Ecumenical Temple
  4873 | Temple   | Became a worshipper of Warmaster Okawaru
  5832 | D:6      | Reached skill level 8 in Long Blades
  6458 | D:6      | Found a bloodstained altar of Trog.
  6741 | D:7      | Found a radiant altar of Vehumet.
  6784 | D:7      | Found a snail-covered altar of Cheibriados.
  6831 | D:7      | Reached XP level 9. HP: 75/75 MP: 8/8
  6890 | D:7      | Found an ancient bone altar of Kikubaaqudgha.
  6960 | D:7      | Reached * piety under Okawaru
  6961 | D:7      | Reached skill level 9 in Long Blades
  7647 | D:7      | Identified a scroll of acquirement
  7707 | D:8      | Reached ** piety under Okawaru
  7923 | D:8      | Reached skill level 10 in Long Blades
  8278 | D:8      | Reached XP level 10. HP: 86/86 MP: 9/9
  8523 | D:8      | Noticed a three-headed hydra
  8527 | D:8      | Killed a one-headed hydra
  8527 | D:8      | Reached *** piety under Okawaru
  9063 | D:9      | Noticed a two-headed ogre
  9074 | D:9      | Killed a two-headed ogre
  9075 | D:9      | Reached skill level 11 in Long Blades
  9075 | D:9      | Reached skill level 1 in Axes
  9075 | D:9      | Reached skill level 10 in Armour
  9199 | D:9      | Reached **** piety under Okawaru
  9216 | D:9      | Noticed a two-headed ogre
  9218 | D:9      | Reached skill level 10 in Shields
  9237 | D:8      | Reached skill level 1 in Invocations
  9414 | D:9      | Killed a two-headed ogre
  9644 | D:9      | Reached XP level 11. HP: 64/97 MP: 7/11
  9664 | D:9      | HP: 3/97 [something (10)]
 10085 | D:9      | Received a gift from Okawaru
 10680 | D:9      | Found a shimmering blue altar of Sif Muna.
 11012 | D:9      | Found a staircase to the Orcish Mines.
 11676 | D:3      | Found a white marble altar of Elyvilon.
 11686 | D:3      | Found a shadowy altar of Dithmenos.
 11849 | D:10     | Entered Level 10 of the Dungeon
 11887 | D:9      | HP: 5/145 [gargoyle/+0 dire flail (9)]
 11889 | D:9      | Mangled by a gargoyle

Illustrated notes

Levels and vault maps discovered:
D:1:      heliophobic_arrival_ceremonial_halls, layout_rooms, serial_curves,
          eino_curves_02, eino_curves_01, minmay_split_cup_large
D:2:      layout_rooms, uniq_jessica
D:3:      layout_loops_cross, jmf_multi_god_temple2,
          mainiacjoe_overflow_surrounded_room, shapermc_ecumenical_altar_gd,
          serial_forest, infiniplex_forest_straight_4,
          infiniplex_forest_clump_medium, infiniplex_forest_clump_long,
          infiniplex_forest_clump_tiny, infiniplex_forest_corner_2,
          infiniplex_forest_lined_corner, infiniplex_forest_straight_4,
          infiniplex_forest_clump_diagonal, hangedman_decor_riveting,
          minmay_tree_intersection, serial_park_tiny_1, moated_statue,
          uniq_terence
D:4:      layout_gridville, minmay_statues_item, minmay_manual_moon,
          uniq_natasha
D:5:      layout_basic, minmay_temple_entry_tees, chequers_ossuary_entry_cave,
          nrook_campfire
D:6:      layout_gridville, lightli_temple_of_fire
D:7:      layout_loops_ring, kennysheep_little_box, lemuel_round_altar,
          kennysheep_slug_shrine, minmay_ruffians
D:8:      layout_cave_pods, hangedman_ranch
D:9:      layout_rooms, mainiacjoe_overflow_24_doors,
          kennysheep_orc_monster_closet_entryway
D:10:     layout_rooms, dpeg_oklobed_lair, minivault_21, kennysheep_nub,
          st_stairs_1, chequers_jeans, kennysheep_island_fort, uniq_harold
Temple:   nicolae_temple_great_sept

Skill      XL: |  1  2  3  4  5  6  7  8  9 10 |
---------------+-------------------------------+-----
Fighting       | 4 5 6 7 9 |  9.6
Armour         | 4 5 6 8 9 10 | 10.6
Shields        | 4 5 6 8 10 | 10.7
Long Blades    | 3 4 5 6 7 8 10 11 | 11.9
Stealth        | 1 |  1.8
Dodging        | 1 2 3 |  3.7
Axes           | 2 |  2.2
Invocations    | 1 |  1.7

Action                   |  1- 3 |  4- 6 |  7- 9 | 10-12 || total
-------------------------+-------+-------+-------+-------++-------
Melee: Long sword        |   106 |   120 |   225 |       ||   451
       Headbutt          |    13 |    19 |    78 |    61 ||   171
       Falchion          |       |       |   197 |   303 ||   500
       Hand axe          |       |       |       |    12 ||    12
Invok: Heroism           |       |       |     2 |    16 ||    18
  Use: Scroll            |       |     2 |     8 |     2 ||    12
       Potion            |       |     1 |     1 |     3 ||     5
Armor: Scale mail        |    59 |     4 |       |       ||    63
       Chain mail        |       |    59 |   242 |    69 ||   370
       Plate armour      |       |       |       |    22 ||    22
Dodge: Dodged            |    61 |    26 |    77 |    49 ||   213
Block: Buckler           |    29 |    10 |       |       ||    39
       Tower shield      |       |    53 |   345 |   232 ||   630
